 Dungeon Crawl Stone Soup version 0.20.1-1-g8b1a95d (webtiles) character file.

207 Sayu92 the Covered (level 5, 0/33 HPs)
             Began as a Gargoyle Fighter on Dec 13, 2017.
             Slain by an iguana (8 damage)
             ... on level 4 of the Dungeon.
             The game lasted 00:10:44 (2381 turns).

Sayu92 the Covered (Gargoyle Fighter)               Turns: 2381, Time: 00:10:45

Health: 0/33       AC: 16    Str: 20    XL:     5   Next: 85%
Magic:  5/5        EV:  5    Int:  9    God:
Gold:   159        SH:  9    Dex:  9    Spells: 4/4 levels left

rFire    . . .     SeeInvis .   a - +0 flail
rCold    . . .     Gourm    .   c - +0 shield
rNeg     + . .     Faith    .   t - +0 chain mail
rPois    ∞         Spirit   .   (no helmet)
rElec    +         Reflect  .   v - +0 cloak
rCorr    .         Harm     .   s - +0 pair of gloves
MR       .....                  (no boots)
Stlth    ..........             (no amulet)
Regen    0.2/turn               (no ring)
MPRegen  0.1/turn               (no ring)

@: no status effects
A: negative energy resistance 1, electricity resistance, unbreathing,
petrification resistance, rot immunity, AC +4
a: no special abilities


You were on level 4 of the Dungeon.
You were not hungry.

You visited 1 branch of the dungeon, and saw 4 of its levels.

You collected 159 gold pieces.

Inventory:

Hand Weapons
 a - a +0 flail (weapon)
Armour
 c - a +0 shield (worn)
 s - a +0 pair of gloves (worn)
 t - a +0 chain mail (worn)
 v - a +0 cloak (worn)
Scrolls
 g - a scroll of magic mapping {unknown}
 h - a scroll of fear {unknown}
 i - a scroll of random uselessness
 k - 2 scrolls of remove curse
 l - a scroll of fog {unknown}
 m - a scroll of amnesia {unknown}
 n - a scroll of recharging
 r - a scroll of identify {unknown}
Potions
 b - a potion of lignification {unknown}
 d - 2 potions of might
 e - a potion of curing {unknown}
 j - a potion of degeneration {unknown}
 o - a potion of resistance
 p - a potion of heal wounds
 u - a potion of agility {unknown}
Comestibles
 f - 5 bread rations
 q - a royal jelly


   Skills:
 + Level 4.2 Fighting
 * Level 4.2 Maces & Flails
 + Level 4.7 Armour
 - Level 3.2 Shields


You had 4 spell levels left.
You didn't know any spells.

Dungeon Overview and Level Annotations

Branches:
Dungeon (4/15)
 Temple: D:4-7

Altars:


Innate Abilities, Weirdness & Mutations

You are resistant to torment.
Your stone body is resilient. (AC +4)
You are immune to poison.
You resist negative energy. (rN+)
You are resistant to electric shocks. (rElec)
You can survive without breathing.
You are immune to petrification.
You are immune to rotting.


Message History

The iguana is heavily wounded.
You block the iguana's attack.
You closely miss the iguana.
The iguana is heavily wounded.
The iguana bites you.
* * * LOW HITPOINT WARNING * * *
The iguana bites you but does no damage.
You hit the iguana but do no damage.
The iguana is heavily wounded.
You block the iguana's attack.
You closely miss the iguana.
The iguana is heavily wounded.
The iguana bites you but does no damage.
You closely miss the iguana.
The iguana is heavily wounded.
You block the iguana's attack. x2
Your shield prevents you from hitting the iguana.
The iguana is heavily wounded.
The iguana bites you!
You die...

#........##.........
#.....)..##......... .
#........##......... ..
#..<.....##.........
...######.#####.........
...... #..# #.........
#...#.##..# ####....##
#.#.......## ##.#.#
......l@...#### #.#.##
........##....# ##.....
........#####.####......
........#####..#........
........................
.......#................
..........[.............
.......#..........#.....
...........#.....


You could see an iguana.

Vanquished Creatures
  A scorpion (D:3)
  An orc wizard (D:3)
  A bullfrog skeleton (D:4)
  A gnoll (D:2)
  2 adders
  A worm (D:2)
  A dart slug (D:2)
  A leopard gecko (D:3)
  5 orcs
  8 bats
  3 giant cockroaches
  8 goblins
  4 hobgoblins
  5 jackals (D:1)
  A quokka (D:3)
  4 frilled lizards
  4 kobolds
  A leopard gecko skeleton (D:3)
  10 rats
62 creatures vanquished.

Vanquished Creatures (others)
  5 toadstools (D:1)
5 creatures vanquished.

Grand Total: 67 creatures vanquished

Notes
Turn   | Place    | Note
-------+----------+-------------------------------------------
     0 | D:1      | Sayu92 the Gargoyle Fighter began the quest for the Orb.
     0 | D:1      | Reached XP level 1. HP: 14/14 MP: 1/1
   325 | D:1      | Reached XP level 2. HP: 18/19 MP: 2/2
   829 | D:1      | Reached XP level 3. HP: 21/23 MP: 3/3
  1537 | D:3      | Reached XP level 4. HP: 29/29 MP: 4/4
  1837 | D:3      | Reached XP level 5. HP: 26/33 MP: 5/5
  2381 | D:4      | Slain by an iguana

Skill      XL: |  1  2  3  4  5 |
---------------+----------------+-----
Maces & Flails | 3 4 |  4.2
Armour         | 4 |  4.7
Fighting       | 4 |  4.2
Shields        | |  3.2

Action                   |  1- 3 |  4- 6 || total
-------------------------+-------+-------++-------
Melee: Flail             |   122 |   135 ||   257
  Use: Scroll            |     2 |     1 ||     3
       Potion            |     2 |       ||     2
  Eat: Chunk             |     2 |     3 ||     5
Armor: Scale mail        |    70 |     6 ||    76
       Chain mail        |       |    88 ||    88
Dodge: Dodged            |    34 |    46 ||    80
Block: Shield            |    63 |    83 ||   146
